[Event "Late-Titled-Tuesday-Blitz-June-18-2024"]
[Site "Chess.com"]
[Date "2024.06.18"]
[Round "6"]
[White "Alina_Gumerovna"]
[Black "DeArron_Fox"]
[Result "0-1"]
[WhiteElo "2209"]
[BlackElo "2456"]
[TimeControl "180+1"]
[EndTime "15:08:46 PDT"]
[Termination "DeArron_Fox won on time"]

1. e4 c5 2. a3 Nc6 3. b4 d5 4. b5 Nd4 5. exd5 Qxd5 6. Nc3 Qd8 7. Nge2 g6 8. Bb2 Bg7 9. Nxd4 Bxd4 10.
Bc4 Nf6 11. O-O O-O 12. Rb1 Bg4 13. Be2 Bxe2 14. Qxe2 e6 15. d3 Nd5 16. Ne4 b6 17. c3 Bg7 18. c4 Bxb2 19. Qxb2 f5 20. cxd5 fxe4 21. dxe4 exd5 22. exd5 Qxd5 23. Rbd1 Qf7 24. Rd6 Rad8 25. Rfd1 Rxd6 26. Rxd6 c4 27. Rd2 Re8 28.
h3 Qc7 29. Rd1 c3 30. Qb3+ Kg7 31. Rc1 c2 0-1

[Event "Late-Titled-Tuesday-Blitz-June-18-2024"]
[Site "Chess.com"]
[Date "2024.06.18"]
[Round "6"]
[White "dianamirza"]
[Black "shirovin"]
[Result "1-0"]
[WhiteElo "1794"]
[BlackElo "2096"]
[TimeControl "180+1"]
[EndTime "15:08:47 PDT"]
[Termination "dianamirza won on time"]

1. b4 e5 2. Bb2 Bxb4 3. Bxe5 Nf6 4. Nf3 O-O 5. e3 Nc6 6. Bb2 d5 7. a3 Bd6 8. Be2 Bg4 9. O-O Re8 10. h3 Bh5 11. c4 dxc4 12. Bxc4 Be5 13. Bxe5 Nxe5 14. Be2 Bg6 15. Nc3 Nd3 16. Qb3 Rb8 17. Nh4 Bh5 18. g4 Bg6 19. Nxg6 hxg6 20. Nb5 Ne5 21. f4 Nc6 22. Rad1 Ne4 23. Bc4 Re7 24. Qc2 a6 25.
Nc3 Nd6 26. Ba2 Qd7 27. Qxg6 Kh8 28. Qh5+ Kg8 29. Nd5 Re6 30. f5 Rh6 31. Qg5 Rxh3 32. Nf6+ 1-0

[Event "Late-Titled-Tuesday-Blitz-June-18-2024"]
[Site "Chess.com"]
[Date "2024.06.18"]
[Round "6"]
[White "K_A_S_T_O_R"]
[Black "Rainbow2014"]
[Result "1-0"]
[WhiteElo "2839"]
[BlackElo "2511"]
[TimeControl "180+1"]
[EndTime "15:08:49 PDT"]
[Termination "K_A_S_T_O_R won on time"]

1. e4 c5 2. Nf3 e6 3. d4 cxd4 4. Nxd4 a6 5. Bd3 Bc5 6. Nb3 Ba7 7. O-O Nc6 8. c4 Nf6 9. Nc3 d6 10. Qe2 O-O 11. Be3 Bxe3 12. Qxe3 Ng4 13. Qg3 Nge5 14. Be2 Ng6 15. Rad1 e5 16. Bg4 Bxg4 17. Qxg4 Rc8 18. c5 Nd4 19. Nxd4 exd4 20. Rxd4 Rxc5 21. Qd1 Rc6 22. Qd2 Ne5 23. Rd1 Nc4 24. Qe2 b5 25. Nd5 Re8 26. Nb4 Rb6 27. b3 Ne5 28. Qd2 Re6 29.
Nd5 Rc6 30. f4 Nd7 31. Nb4 Rb6 32. e5 a5 33. Nd5 Rc6 34. Ne3 Qb6 35. Qf2 h6 36.
Nf5 Nf8 37. Nxd6 a4 38. g3 axb3 39. axb3 Qa6 40. Rd5 b4 41. Nf5 Rc3 42. Nd4 Re8 43. Rd6 Qa2 44. Qxa2 1-0

[Event "Late-Titled-Tuesday-Blitz-June-18-2024"]
[Site "Chess.com"]
[Date "2024.06.18"]
[Round "6"]
[White "Matalon"]
[Black "SchmakAttack"]
[Result "0-1"]
[WhiteElo "2501"]
[BlackElo "2830"]
[TimeControl "180+1"]
[EndTime "15:08:49 PDT"]
[Termination "SchmakAttack won on time"]

1. e4 c5 2. Nf3 Nc6 3. d4 cxd4 4.
Nxd4 Nf6 5. Nc3 e6 6. Ndb5 d6 7. Bf4 e5 8. Bg5 a6 9. Na3 b5 10. Nd5 Be7 11. Bxf6 Bxf6 12. c3 Rb8 13. Nc2 Bg5 14.
Be2 O-O 15. O-O Kh8 16. Qd3 f5 17. Bf3 g6 18. Rad1 Bh6 19. Ndb4 Nxb4 20. Nxb4 Rb6 21. Nd5 Rb7 22. Nb4 Rb6 23. Nd5 Rb7 24. Nb4 Rd7 25. exf5 gxf5 26. Bc6 Rg7 27. Qxd6 Qxd6 28. Rxd6 Bg5 29.
Nd5 e4 30. g3 f4 31. Re1 e3 32. fxe3 fxg3 33. Nf4 gxh2+ 34. Kxh2 Rxf4 35. exf4 Bxf4+ 36. Kh1 Bxd6 37. Bd5 Re7 38. Rxe7 Bxe7 39. Kg2 Kg7 40. b3 Kf6 41. a4 bxa4 42. bxa4 Ke5 43. Bg8 h5 0-1

[Event "Late-Titled-Tuesday-Blitz-June-18-2024"]
[Site "Chess.com"]
[Date "2024.06.18"]
[Round "6"]
[White "el_sporco"]
[Black "IMRosen"]
[Result "0-1"]
[WhiteElo "2567"]
[BlackElo "2752"]
[TimeControl "180+1"]
[EndTime "15:08:49 PDT"]
[Termination "IMRosen won by resignation"]

1. e4 c5 2. Nf3 Nc6 3. d4 cxd4 4. Nxd4 g6 5. c4 Nf6 6. Nc3 d6 7. Be2 Nxd4 8. Qxd4 Bg7 9. O-O O-O 10. Be3 Ng4 11. Qd2 Nxe3 12. Qxe3 Bd7 13. Rfd1 Bc6 14. b4 a5 15. b5 Bxc3 16. Qxc3 Bxe4 17. c5 Rc8 18.
Qe3 Bf5 19. Rac1 Be6 20. Bf3 Qd7 21. c6 bxc6 22. Bxc6 Qc7 23. Bd5 Qd7 24. Bc6 Qd8 25. Qa7 Rb8 26. a4 Bb3 27. Rd4 e5 28. Rd3 Bxa4 29.
Bd5 Bxb5 30. Rf3 Be8 31. h4 Qb6 32. Qe7 Qd8 33. Qa7 a4 34. Rc7 Rb1+ 0-1

[Event "Late-Titled-Tuesday-Blitz-June-18-2024"]
[Site "Chess.com"]
[Date "2024.06.18"]
[Round "6"]
[White "KNVB"]
[Black "bob1263"]
[Result "1-0"]
[WhiteElo "2783"]
[BlackElo "2513"]
[TimeControl "180+1"]
[EndTime "15:08:50 PDT"]
[Termination "KNVB won on time"]

1. e4 c5 2. e5 Nc6 3. c3 Nxe5 4. d4 cxd4 5. cxd4 Nc6 6. d5 Ne5 7. Nc3 Nf6 8. f4 Ng6 9. Nf3 d6 10. Bb5+ Bd7 11. O-O e6 12. dxe6 fxe6 13. Qe2 Bxb5 14. Nxb5 Qd7 15. f5 Ne5 16. fxe6 Qc6 17. Be3 a6 18.
Nbd4 Qe4 19. Rae1 Rc8 20. Bg5 Qxe2 21. Rxe2 Nxf3+ 22. Rxf3 Rc5 23. e7 Bxe7 24. Nf5 Re5 25. Rxe5 dxe5 26. Nxg7+ Kf7 27. Bxf6 Bxf6 28. Nh5 1-0

[Event "Late-Titled-Tuesday-Blitz-June-18-2024"]
[Site "Chess.com"]
[Date "2024.06.18"]
[Round "6"]
[White "scrambleyourbrain"]
[Black "kinga2008"]
[Result "0-1"]
[WhiteElo "2393"]
[BlackElo "2562"]
[TimeControl "180+1"]
[EndTime "15:08:50 PDT"]
[Termination "kinga2008 won by checkmate"]

1. e4 c5 2. Nf3 Nc6 3. d4 cxd4 4. Nxd4 e5 5. Nb5 a6 6. N5c3 Nf6 7. Bd3 Bb4 8. O-O O-O 9. Nd5 Nxd5 10. exd5 Ne7 11.
c3 Bd6 12. Nd2 f5 13. Nc4 Qc7 14. Be2 b5 15. Ne3 Bb7 16. c4 f4 17. Nc2 e4 18. cxb5 f3 19. gxf3 Bxd5 20. Ne3 Bxh2+ 21. Kh1 Be6 22. b6 Qe5 23. Ng4 Bxg4 24. fxg4 Bf4 25. Bxf4 Rxf4 26. Qxd7 Raf8 27. Rad1 Qg5 28. Kg2 Qh4 29.
Qd4 Nc6 30. Qe3 Rf3 31. Bxf3 exf3+ 32. Qxf3 Rxf3 33. Kxf3 Qh3+ 34. Kf4 Qh2+ 35. Kf3 Qh3+ 36. Kf4 g5+ 37. Kxg5 Ne5 38. Kf6 Nxg4+ 39. Ke7 Qh4+ 40. Kd6 Qd8+ 41. Kc6 Qc8+ 42. Kd6 Qb8+ 43. Kc6 Ne5+ 44.
Kc5 Qc8+ 45. Kd6 Nc4+ 46. Ke7 Qf8+ 47. Ke6 Qf7# 0-1

[Event "Late-Titled-Tuesday-Blitz-June-18-2024"]
[Site "Chess.com"]
[Date "2024.06.18"]
[Round "6"]
[White "Rawnsdale"]
[Black "Sacbutt"]
[Result "1-0"]
[WhiteElo "2470"]
[BlackElo "2303"]
[TimeControl "180+1"]
[EndTime "15:08:50 PDT"]
[Termination "Rawnsdale won by checkmate"]

1. e4 c5 2. Nf3 d6 3. d4 cxd4 4.
Nxd4 Nf6 5. Nc3 a6 6. Rg1 e5 7. Nb3 Be6 8. g4 Be7 9. g5 Nfd7 10. Be3 Nc6 11. h4 Rc8 12. Nd5 Bxd5 13. exd5 Ncb8 14. c4 O-O 15. Bd3 f5 16. gxf6 Nxf6 17. h5 e4 18. Be2 Nbd7 19. Nd4 Rf7 20. Ne6 Qa5+ 21. Bd2 Qb6 22. Bc3 Nxh5 23. Bd4 Qa5+ 24. Bc3 Qb6 25. c5 Nxc5 26. Qd4 Bf6 27. Qe3 Bxc3+ 28.
bxc3 Nd3+ 29. Bxd3 Qxe3+ 30. fxe3 exd3 31. Kd2 Nf6 32. c4 Rxc4 33. Kxd3 Rc8 34. e4 Nd7 35. Raf1 Ne5+ 36. Ke2 Rxf1 37. Rxf1 g5 38. Rf5 Rc2+ 39. Kd1 Rxa2 40. Rf8# 1-0

[Event "Late-Titled-Tuesday-Blitz-June-18-2024"]
[Site "Chess.com"]
[Date "2024.06.18"]
[Round "6"]
[White "Dexter_Dyke"]
[Black "Viktor_Poddubnyi"]
[Result "1-0"]
[WhiteElo "2511"]
[BlackElo "2341"]
[TimeControl "180+1"]
[EndTime "15:08:51 PDT"]
[Termination "Dexter_Dyke won on time"]

1. e4 g6 2. d4 Bg7 3. Nc3 d6 4. Be3 a6 5. Qd2 b5 6. h4 h5 7.
f3 Bb7 8. Nh3 Nd7 9. Ng5 e6 10.
O-O-O Ngf6 11. Kb1 Qe7 12. a3 O-O 13. g4 Nb6 14. e5 dxe5 15. dxe5 Nxg4 16. fxg4 Bxh1 17.
gxh5 Bxe5 18. Bd3 Bb7 19. Rg1 Nc4 20. Bxc4 bxc4 21. hxg6 fxg6 22. Qe2 Bxc3 23. Qxc4 Bf6 24. Nxe6 Kh7 25. Bc5 Qf7 26. Bxf8 Rxf8 27. Nxf8+ Qxf8 28. Qxc7+ Qg7 29. Qb6 Be4 30. h5 Bd4 31. hxg6+ Bxg6 32. Rh1+ 1-0

[Event "Late-Titled-Tuesday-Blitz-June-18-2024"]
[Site "Chess.com"]
[Date "2024.06.18"]
[Round "6"]
[White "GHANDEEVAM2003"]
[Black "NailBashirli"]
[Result "1-0"]
[WhiteElo "2990"]
[BlackElo "2747"]
[TimeControl "180+1"]
[EndTime "15:08:52 PDT"]
[Termination "GHANDEEVAM2003 won on time"]

1. Nf3 c5 2. b3 d5 3. e3 Bf5 4. Bb2 a6 5. c4 e6 6. g3 Nc6 7.
Nh4 Be4 8. f3 Bg6 9. Nc3 Nf6 10.
cxd5 exd5 11. Nxg6 hxg6 12. Ne2 Bd6 13. Rc1 Qe7 14.
Bg2 g5 15. a3 O-O-O 16. b4 c4 17. Qa4 Be5 18. Bc3 d4 19. f4 dxc3 20. dxc3 Bxf4 21.
exf4 Qe3 22. Qc2 Ng4 23. Qf5+ Kb8 24. Qxg4 Rhe8 25. Kf1 Qd2 26. Re1 f5 27. Qxf5 Ne5 28.
Qe4 Re7 29. fxe5 Rf8+ 30. Bf3 g4 31. Qxg4 Ref7 32. Nd4 1-0

[Event "Late-Titled-Tuesday-Blitz-June-18-2024"]
[Site "Chess.com"]
[Date "2024.06.18"]
[Round "6"]
[White "Lupul_Cenusiu"]
[Black "zverr1"]
[Result "0-1"]
[WhiteElo "2672"]
[BlackElo "2553"]
[TimeControl "180+1"]
[EndTime "15:08:52 PDT"]
[Termination "zverr1 won on time"]

1. e4 c5 2. Nc3 Nc6 3. Bb5 Nd4 4.
Nf3 a6 5. Bd3 g6 6. b4 Nxf3+ 7.
Qxf3 cxb4 8. Nd5 Bg7 9. Rb1 e6 10. Ne3 Ne7 11. Rxb4 Nc6 12. Rb1 O-O 13. O-O b5 14. Ba3 Re8 15. Bd6 Be5 16. Bxe5 Nxe5 17. Qe2 Bb7 18. a4 Nxd3 19. Qxd3 Bc6 20. e5 d6 21. exd6 e5 22. c4 bxc4 23. Nxc4 Bxa4 24. Nb6 Bb5 25. Rxb5 axb5 26. Nxa8 Qxa8 27. Qxb5 Rd8 28. Qb6 Rd7 29. Rc1 Kg7 30. Rc7 Qa1+ 0-1

[Event "Late-Titled-Tuesday-Blitz-June-18-2024"]
[Site "Chess.com"]
[Date "2024.06.18"]
[Round "6"]
[White "dolynachess"]
[Black "Rashad_Zeynalli"]
[Result "0-1"]
[WhiteElo "2557"]
[BlackElo "2731"]
[TimeControl "180+1"]
[EndTime "15:08:55 PDT"]
[Termination "Rashad_Zeynalli won by checkmate"]

1. d4 d5 2. c4 e6 3. Nf3 Nf6 4. g3 Bb4+ 5. Nbd2 dxc4 6. Qc2 O-O 7. Bg2 Nc6 8. Qxc4 Rb8 9. O-O a5 10. a3 Be7 11. Rd1 Bd7 12. Nb3 b5 13. Qc2 a4 14.
Nc5 Bxc5 15. dxc5 Qe7 16. Bg5 h6 17. Bxf6 gxf6 18. Qd2 Rbd8 19. Qxh6 Qxc5 20. Qxf6 Qf5 21. Qxf5 exf5 22. Rac1 Rfe8 23. e3 Na5 24. Rxc7 Be6 25. Rxd8 Rxd8 26. Nd4 Nc4 27. Bf1 Nxb2 28. Bxb5 Bb3 29.
Nxf5 Rd1+ 30. Kg2 Bd5+ 31. Kh3 Be6 32. e4 Rd2 33. f3 Nd1 34. Bxa4 Nf2+ 35. Kh4 Nd3 36.
h3 Rh2 37. g4 Rh1 38. Kg3 Rg1+ 39. Kh4 Ra1 40. Bd7 Ba2 41. Rc8+ Kh7 42. Rc7 Ne5 43. f4 Ng6+ 44. Kg3 Rb1 45. Nd6 Rb3+ 46. Kf2 Rd3 47.
Nxf7 Nxf4 48. Bf5+ Kg8 49. Nh6+ Kf8 50. h4 Nh3+ 51.
Ke2 Nf4+ 52. Kf2 Nh3+ 53. Ke1 Bb3 54. e5 Re3+ 55. Kd2 Rxe5 56. Rc8+ Ke7 57. Rc7+ Kd8 58. Rb7 Bd5 59. Kc3 Bxb7 60. Kd4 Ra5 61. Nf7+ Ke7 62.
Nh6 Rxa3 63. g5 Ra4+ 64. Ke5 Rxh4 65. Ng8+ Kf8 66. Nf6 Nxg5 67. Nd7+ Ke7 68. Nc5 Nf3# 0-1

[Event "Late-Titled-Tuesday-Blitz-June-18-2024"]
[Site "Chess.com"]
[Date "2024.06.18"]
[Round "6"]
[White "rhungaski"]
[Black "patzer-reloaded"]
[Result "1-0"]
[WhiteElo "2611"]
[BlackElo "2452"]
[TimeControl "180+1"]
[EndTime "15:08:55 PDT"]
[Termination "rhungaski won by checkmate"]

1. Nf3 d6 2. d4 Nf6 3. c4 g6 4. Nc3 Bg7 5. e4 O-O 6. Be2 c5 7. d5 Bg4 8. Bg5 a6 9. Nd2 Bxe2 10. Qxe2 Re8 11. O-O e6 12. a4 exd5 13. cxd5 Nbd7 14. f4 Qc7 15. Nc4 Nxe4 16. Nxe4 f5 17. Ncxd6 Qxd6 18. Nxd6 Rxe2 19. Nxb7 Rxb2 20. Rab1 c4 21. Rxb2 Bxb2 22.
Nd6 c3 23. Rf2 Nc5 24. Rc2 Nd3 25. Bf6 Nb4 26. Re2 Nxd5 27. Bd4 Nxf4 28. Re7 Nh5 29. Nf7 Kf8 30. Rc7 Nf4 31. Bc5+ Kg8 32. Nh6+ Kh8 33. Bd4# 1-0

[Event "Late-Titled-Tuesday-Blitz-June-18-2024"]
[Site "Chess.com"]
[Date "2024.06.18"]
[Round "6"]
[White "Rutricks"]
[Black "Duhless"]
[Result "0-1"]
[WhiteElo "2810"]
[BlackElo "3099"]
[TimeControl "180+1"]
[EndTime "15:08:56 PDT"]
[Termination "Duhless won by resignation"]

1. c4 Nf6 2. Nc3 e5 3. g3 Bb4 4.
Bg2 O-O 5. Nf3 Bxc3 6. bxc3 Re8 7. O-O d6 8. d3 h6 9. Rb1 Nc6 10. Nd2 a5 11. Ba3 Nd7 12. e4 Nc5 13. Nb3 b6 14.
Re1 Ba6 15. Qd2 Rb8 16. d4 Nd7 17. Bf1 a4 18. Na1 Na5 19. Rb4 Nf6 20. f3 Qd7 21.
Qc2 c5 22. Rxa4 Rec8 23. Rd1 Qc6 24. d5 Qd7 25. Rb1 Rb7 26. Rb5 Bxb5 27. cxb5 Ra8 28. Nb3 Rba7 29. Nd2 Qe8 30. Bc1 c4 31. Nxc4 Nxc4 32.
Rxa7 Rxa7 33. Bxc4 Qc8 34. Qb3 Rc7 35. Be2 Rxc3 0-1

[Event "Late-Titled-Tuesday-Blitz-June-18-2024"]
[Site "Chess.com"]
[Date "2024.06.18"]
[Round "6"]
[White "Orest_Vovk"]
[Black "SRob2003"]
[Result "1-0"]
[WhiteElo "2566"]
[BlackElo "2695"]
[TimeControl "180+1"]
[EndTime "15:08:57 PDT"]
[Termination "Orest_Vovk won by resignation"]

1. h4 e5 2. h5 d5 3. h6 Nxh6 4. d4 Ng4 5. f3 Nf6 6. dxe5 Nfd7 7.
Qxd5 Nc6 8. e6 fxe6 9. Qxe6+ Be7 10. Rxh7 Rxh7 11. Qg6+ Kf8 12. Qxh7 Bh4+ 13. Kd1 Nf6+ 14. Qd3 Qe7 15. e4 Be6 16. Bd2 Rd8 17. Qa3 Qxa3 18.
Nxa3 Bg5 19. Bd3 Bh4 20. Ne2 Ne5 21. Nf4 Bf7 22. Bc3 Nxd3 23. Nxd3 Nh5 24. Be1 Bf6 25. Ke2 g5 26. g4 Nf4+ 27. Nxf4 Bxb2 28. Bb4+ Kg8 29. Rb1 Bxa3 30. Bxa3 gxf4 31. Rxb7 Rd7 32. Rxa7 Bxa2 33. Bb2 Bc4+ 34. Ke1 Rh7 35. Ra8+ Kf7 36. Rh8 Rxh8 37. Bxh8 Ke6 38. Kd2 c6 39. Bg7 Bf1 40.
Bc3 Bb5 41. Ba5 Ba6 42. Bc7 1-0

[Event "Late-Titled-Tuesday-Blitz-June-18-2024"]
[Site "Chess.com"]
[Date "2024.06.18"]
[Round "6"]
[White "pooh2012"]
[Black "Bugcrusher"]
[Result "1-0"]
[WhiteElo "2570"]
[BlackElo "2393"]
[TimeControl "180+1"]
[EndTime "15:08:57 PDT"]
[Termination "pooh2012 won on time"]

1. d4 d5 2. c4 e6 3. Nc3 c5 4. cxd5 cxd4 5. Qa4+ Bd7 6. Qxd4 exd5 7. Qxd5 Nf6 8. Qg5 Nc6 9. Nf3 Bb4 10. Bd2 O-O 11. e3 h6 12. Qh4 Bf5 13. Bb5 Bd3 14. Bxc6 Bxc3 15. Bxc3 bxc6 16. O-O-O c5 17. Ne5 c4 18. Nxd3 cxd3 19. Bxf6 gxf6 20. Rd2 Qd5 21. Kb1 Qxg2 22.
Rhd1 Rfd8 23. Qxf6 Rac8 24. f4 Qc6 25. Rg1+ Kf8 26. Qh8+ Ke7 27. Qe5+ Kf8 28. Qh8+ Ke7 29. Qe5+ Kf8 30. Rdg2 1-0

[Event "Late-Titled-Tuesday-Blitz-June-18-2024"]
[Site "Chess.com"]
[Date "2024.06.18"]
[Round "6"]
[White "alexrustemov"]
[Black "Chigorinetz"]
[Result "1-0"]
[WhiteElo "2854"]
[BlackElo "2613"]
[TimeControl "180+1"]
[EndTime "15:08:58 PDT"]
[Termination "alexrustemov won by resignation"]

1. d4 d5 2. Nf3 Nc6 3. Bf4 Bg4 4. e3 e6 5. c4 Bd6 6. Bg3 Nf6 7. Nc3 Ne7 8. Rc1 O-O 9. Be2 a6 10. O-O c6 11. Bxd6 Qxd6 12. Ne5 Bxe2 13. Qxe2 c5 14. Nf3 cxd4 15. Nxd4 Rac8 16. cxd5 Nexd5 17. Nxd5 Qxd5 18. a3 h6 19. h3 Ne4 20. Rfd1 Rfd8 21. Nf3 Rxc1 22. Rxc1 Ng5 23. Nxg5 hxg5 24. Qc2 b5 25. b4 Qd3 26. Qc7 Rd7 27. Qc8+ Kh7 28. Qxa6 Rd5 29. Rf1 Qc4 30. Qa7 Kg6 31. Qe7 Qc3 32.
e4 Re5 33. f3 Qxa3 34. Qd6 Qe3+ 35. Kh1 Qf4 36. Rd1 g4 37. hxg4 Qg3 38. Kg1 f6 39. Qd4 Qf4 40. Kf2 Qg5 41. Qe3 Qh4+ 42. Kg1 Qg3 43. Qf2 Qf4 44. g3 Qh6 45. Kg2 Rg5 46. Rh1 1-0

[Event "Late-Titled-Tuesday-Blitz-June-18-2024"]
[Site "Chess.com"]
[Date "2024.06.18"]
[Round "6"]
[White "Malev212"]
[Black "NovakRatko"]
[Result "0-1"]
[WhiteElo "2603"]
[BlackElo "2425"]
[TimeControl "180+1"]
[EndTime "15:08:58 PDT"]
[Termination "NovakRatko won on time"]

1. e4 d5 2. exd5 c6 3. d4 cxd5 4. Bd3 Nc6 5. c3 g6 6. Bf4 Bg7 7. Nd2 f6 8. Ngf3 e5 9. dxe5 fxe5 10. Bg5 Nge7 11. Bb5 O-O 12. O-O Qd6 13. Qb3 Kh8 14.
Rad1 Be6 15. Rfe1 Qc7 16. Bh4 Nf5 17. Bg3 Nxg3 18. hxg3 Rae8 19. Ng5 Bg8 20. Qa4 Qb6 21.
Re2 e4 22. Nf1 h6 23. Nh3 g5 24. Ne3 a6 25. Bxc6 bxc6 26. Qa3 Rb8 27. Qd6 Rfd8 28. Qg6 c5 29. Qh5 Qf6 30. Ng4 Qf7 31. Qxf7 Bxf7 32. c4 dxc4 33. Rxd8+ Rxd8 34. Ne3 c3 35. bxc3 Bxc3 36.
Nf5 Bg7 37. Rxe4 Bg6 38. g4 Rd1+ 39. Kh2 Rd2 40. f3 Rxa2 0-1

[Event "Late-Titled-Tuesday-Blitz-June-18-2024"]
[Site "Chess.com"]
[Date "2024.06.18"]
[Round "6"]
[White "protectiago"]
[Black "unbreakablepawn35"]
[Result "0-1"]
[WhiteElo "2151"]
[BlackElo "2446"]
[TimeControl "180+1"]
[EndTime "15:08:58 PDT"]
[Termination "unbreakablepawn35 won on time"]

1. d4 Nf6 2. c4 g6 3. Nc3 d5 4. cxd5 Nxd5 5. e4 Nxc3 6. bxc3 Bg7 7. Be3 O-O 8. Rc1 c5 9. d5 Qa5 10. Qd2 b6 11. c4 Qxd2+ 12. Bxd2 Ba6 13. f4 Nd7 14. Nf3 e5 15. g3 f5 16. Ng5 fxe4 17. Ne6 Rfe8 18. Nc7 e3 19. Bc3 exf4 20. Bxg7 Kxg7 21.
Nxa6 f3 22. Nc7 e2 23. Nxe8+ Rxe8 24. Bh3 Ne5 25. Rc3 g5 26. Bf5 g4 27. h3 h5 28. hxg4 hxg4 29. Rh7+ Kf6 30. Be6 b5 31. cxb5 c4 32. Rh4 Nd3+ 33. Rxd3 cxd3 34. Rxg4 Rh8 35.
Rf4+ Ke5 36. Rh4 Rxh4 37. gxh4 Kf4 38. Kf2 d2 0-1

[Event "Late-Titled-Tuesday-Blitz-June-18-2024"]
[Site "Chess.com"]
[Date "2024.06.18"]
[Round "6"]
[White "Colombiano07"]
[Black "KorolDimitriy75"]
[Result "1-0"]
[WhiteElo "2321"]
[BlackElo "2458"]
[TimeControl "180+1"]
[EndTime "15:08:58 PDT"]
[Termination "Colombiano07 won on time"]

1. d4 Nf6 2. Nf3 g6 3. Nc3 d5 4. Bf4 Bg7 5. Nb5 Na6 6. e3 c6 7. Nc3 Nb8 8. h3 O-O 9. Bd3 c5 10. dxc5 Qa5 11. O-O Qxc5 12. e4 dxe4 13. Nxe4 Nxe4 14.
Bxe4 Bxb2 15. Rb1 Bg7 16. Bxb7 Bxb7 17. Rxb7 Nc6 18. Be3 Qa5 19. Qd7 Rac8 20. Qg4 Qxa2 21. Qh4 a5 22. Ng5 h6 23. Nf3 h5 24. g4 Qd5 25.
Ng5 Nd4 26. Rxe7 Qxg5 27. Bxg5 Nf3+ 28. Kg2 Nxh4+ 29. Bxh4 hxg4 30. hxg4 Rxc2 31. Ra7 Ra2 32. Rd1 a4 33. Rdd7 a3 34. Be7 Re8 35. Bxa3 1-0

[Event "Late-Titled-Tuesday-Blitz-June-18-2024"]
[Site "Chess.com"]
[Date "2024.06.18"]
[Round "6"]
[White "crazy_but_lazy"]
[Black "i_like_explosions"]
[Result "0-1"]
[WhiteElo "2636"]
[BlackElo "2455"]
[TimeControl "180+1"]
[EndTime "15:08:59 PDT"]
[Termination "i_like_explosions won by checkmate"]

1. Nf3 Nf6 2. c4 d6 3. d4 g6 4. Nc3 Bg7 5. e4 O-O 6. h3 e5 7. d5 a5 8. Be3 Na6 9. g4 h5 10. g5 Nd7 11. h4 Ndc5 12. Qd2 c6 13. O-O-O a4 14. Kb1 Qa5 15. Be2 Bd7 16. Ne1 cxd5 17. cxd5 Rfb8 18. Nd3 Nxd3 19. Bxd3 Nc5 20. f3 b5 21. Rc1 Bf8 22. Rhd1 Nb3 23. Qf2 Nxc1 24. Rxc1 b4 25. Ne2 Bb5 26. Bxb5 Qxb5 27. Rd1 Rc8 28.
Nc1 b3 29. Qf1 bxa2+ 30. Nxa2 Qb3 31. Qd3 Rcb8 32. Nc1 Qxd3+ 33. Rxd3 Be7 34. Ka2 f6 35. Ne2 fxg5 36. hxg5 Kf7 37. Rc3 h4 38. Rc7 h3 39.
Ng3 Rc8 40. Rb7 Rab8 41. Ra7 Rc2 42. Ka3 Rcxb2 43. Bg1 Rb1 44. Bf2 Ra1# 0-1

[Event "Late-Titled-Tuesday-Blitz-June-18-2024"]
[Site "Chess.com"]
[Date "2024.06.18"]
[Round "6"]
[White "Romkachess"]
[Black "szefru"]
[Result "1-0"]
[WhiteElo "2501"]
[BlackElo "2336"]
[TimeControl "180+1"]
[EndTime "15:08:59 PDT"]
[Termination "Romkachess won by resignation"]

1. e4 e5 2. d4 exd4 3. Qxd4 Nc6 4. Qe3 Bb4+ 5. Nc3 Nf6 6. Bd2 O-O 7. O-O-O Re8 8. Qg3 Nxe4 9. Nxe4 Rxe4 10. c3 Bd6 11. f4 Qf6 12. Nh3 b5 13. Bd3 Re8 14. Ng5 h6 15.
Ne4 Rxe4 16. Bxe4 b4 17. Rhe1 bxc3 18. Qxc3 Nd4 19. Bxa8 Ba6 20. Re8+ Kh7 21. Be4+ g6 22. Bd3 Bb7 23. g3 c5 24. Rde1 Bd5 25. Kb1 Be6 26. Be3 Kg7 27. Bxd4 cxd4 28. Qd2 a5 29. f5 Bb4 30.
Qe2 Bxf5 31. Rf1 Bxd3+ 32. Qxd3 Qd6 33. Re4 Bc5 34. a3 Bb6 35. Ree1 h5 36. Qf3 f5 37.
Qd3 Qf6 38. Qc4 Bc5 39. Qxc5 d3 40. Qd5 1-0

[Event "Late-Titled-Tuesday-Blitz-June-18-2024"]
[Site "Chess.com"]
[Date "2024.06.18"]
[Round "6"]
[White "Bala-Afiada"]
[Black "kalxandria"]
[Result "0-1"]
[WhiteElo "2051"]
[BlackElo "2246"]
[TimeControl "180+1"]
[EndTime "15:08:59 PDT"]
[Termination "kalxandria won by resignation"]

1. d4 Nf6 2. c4 g6 3. Nc3 Bg7 4. e4 d6 5. Nf3 O-O 6. Be2 e5 7.
Be3 Ng4 8. Bg5 f6 9. Bc1 Nd7 10. h3 Nh6 11. g4 c6 12. Be3 f5 13. gxf5 gxf5 14. Bg5 Qa5 15. Qd2 f4 16. Rg1 Nf7 17. h4 Kh8 18. d5 h6 19. Rh1 hxg5 20. hxg5+ Kg8 21. g6 Nh6 22. Ng5 Nf6 23. O-O-O cxd5 24. exd5 Bf5 25. Bd3 Bxd3 26. Qxd3 Rac8 27. b3 b5 28. Ne6 bxc4 29. bxc4 Rfe8 30. Nxg7 Kxg7 31. Qh3 Rh8 32. Qe6 Qc7 33. Kd2 Rce8 34. Qh3 Qxc4 35.
Rb1 Qd4+ 36. Kc2 Qxf2+ 37. Kc1 Re7 38. Rb2 Qe3+ 39. Kb1 Qxh3 40. Rxh3 Nhg4 41. Rxh8 Kxh8 42. Nb5 Ne4 43. Nxd6 Nxd6 44. Rb8+ Kg7 0-1

[Event "Late-Titled-Tuesday-Blitz-June-18-2024"]
[Site "Chess.com"]
[Date "2024.06.18"]
[Round "6"]
[White "pouya21"]
[Black "Grischuk"]
[Result "0-1"]
[WhiteElo "2813"]
[BlackElo "3125"]
[TimeControl "180+1"]
[EndTime "15:09:01 PDT"]
[Termination "Grischuk won by resignation"]

1. e4 e5 2. Nf3 Nc6 3. Bc4 Bc5 4. Nc3 Nf6 5. d3 h6 6. O-O O-O 7. h3 d6 8. a4 Be6 9. Re1 Bxc4 10. dxc4 a5 11. Be3 Bb4 12. Bd2 Bxc3 13. Bxc3 Nd7 14. b3 Kh8 15. Nh2 b6 16. Ng4 f6 17.
Ne3 Ne7 18. Qe2 Qe8 19. Rad1 Qf7 20. Bb2 Rae8 21. Qg4 Nc5 22. Nf5 Kh7 23. Bc1 Qg6 24.
Qf3 Ne6 25. Be3 Qf7 26. Kh1 Ng8 27. Ng3 g6 28. Ne2 f5 29. g3 f4 30. gxf4 exf4 31. Bc1 Ng5 32. Qg4 Nxe4 33. Kg1 g5 34. Nd4 Ngf6 35.
Qf5+ Qg6 36. Bb2 Qxf5 37. Nxf5 Kg6 38. Nd4 Rf7 39. Nb5 Rfe7 40. Kf1 Nd2+ 41. Rxd2 Rxe1+ 42. Kg2 R8e2 0-1

[Event "Late-Titled-Tuesday-Blitz-June-18-2024"]
[Site "Chess.com"]
[Date "2024.06.18"]
[Round "6"]
[White "Roachelley"]
[Black "hblanco"]
[Result "1-0"]
[WhiteElo "2563"]
[BlackElo "2686"]
[TimeControl "180+1"]
[EndTime "15:09:01 PDT"]
[Termination "Roachelley won on time"]

1. Nf3 d5 2. e3 Nf6 3. b3 e6 4. Bb2 Be7 5. Be2 O-O 6. O-O c5 7. d4 Nbd7 8. c4 b6 9. Nbd2 Bb7 10. Rc1 Rc8 11. cxd5 Nxd5 12. Bd3 Nb4 13. Bb1 Ba6 14.
Nc4 b5 15. Nce5 Nxe5 16. Nxe5 cxd4 17. Rxc8 Bxc8 18. Bxd4 Bb7 19. Qh5 f5 20. Rd1 Qc7 21. Bb2 Nd5 22. Rc1 Qd6 23. Qd1 Bf6 24. f4 Rd8 25. Qd4 h6 26. h3 Qe7 27. Qxa7 Ra8 28.
Qd4 b4 29. Qd2 Rd8 30. Qf2 Rc8 31. Rxc8+ Bxc8 32. Bd4 Nc3 33. Bd3 Qc7 34. Qc2 Bb7 35. Bc4 Qd6 36. Bxc3 bxc3 37. Qxc3 Kh7 38. Qd4 Qa3 39. Qd2 1-0

[Event "Late-Titled-Tuesday-Blitz-June-18-2024"]
[Site "Chess.com"]
[Date "2024.06.18"]
[Round "6"]
[White "marszach123"]
[Black "Patolindo"]
[Result "0-1"]
[WhiteElo "1921"]
[BlackElo "2168"]
[TimeControl "180+1"]
[EndTime "15:09:01 PDT"]
[Termination "Patolindo won on time"]

1. e4 c5 2. Nf3 d6 3. c3 Nf6 4. g3 Nc6 5. d3 c4 6. d4 Nxe4 7. Bxc4 d5 8. Bb5 Bh3 9. Ne5 Qb6 10. a4 a6 11. Bxc6+ bxc6 12. Qh5 Be6 13. f4 g6 14. Qf3 Bg7 15. O-O O-O 16. a5 Qb7 17. b4 h5 18. Nd2 Bg4 19. Qd3 Bf5 20. Nxe4 Bxe4 21. Qe2 f6 22. Nd3 Qb5 23. Rd1 e5 24. dxe5 fxe5 25. Qf1 exf4 26. Nxf4 Bxc3 27. Qxb5 axb5 28. Ra3 Bxb4 29. Re3 Bc5 30. Kf2 g5 31. Ke2 Bxe3 32. Kxe3 gxf4+ 33. gxf4 Rxa5 34. Rg1+ Kh7 35. Kd4 b4 36.
Ke5 b3 37. Bb2 Ra2 38. Bd4 Rd2 39. Be3 Rd3 40. Bc5 Rf5+ 41. Ke6 b2 42. h4 Rxf4 43. Bd6 Bf5+ 44. Ke7 Re3+ 45. Kd8 Rg4 0-1